 Dungeon Crawl Stone Soup version 0.21-a0-185-g3a6ed1e (webtiles) character file.

7914 tehllama the Covert (level 11, -3/70 HPs)
             Began as an Octopode Transmuter on Aug 12, 2017.
             Was the Champion of Cheibriados.
             Incinerated by tarabluh's ghost (14 damage)
             ... with a sticky flame
             ... on level 1 of the Lair of Beasts.
             The game lasted 00:43:21 (11498 turns).

tehllama the Covert (Octopode Transmuter)          Turns: 11498, Time: 00:43:21

Health: -3/70      AC:  2    Str: 28    XL:     11   Next: 22%
Magic:  13/18      EV: 29    Int: 32    God:    Cheibriados [******]
Gold:   429        SH:  0    Dex: 38    Spells: 6/20 levels left

rFire    . . .     SeeInvis .     - Unarmed
rCold    . . .     Gourm    .   (shield currently unavailable)
rNeg     . . .     Faith    .   (helmet currently unavailable)
rPois    .         Spirit   .   (no amulet)
rElec    .         Reflect  .   i - +5 ring of slaying
rCorr    .         Harm     .   q - ring of poison resistance
MR       ++...                  F - +5 ring of dexterity
Stlth    +++.......             a - ring of protection from magic
HPRegen  0.21/turn              O - +2 ring of intelligence
MPRegen  0.16/turn              T - ring of protection from magic
                                (no ring)
                                (no ring)

@: liquid flames, about to teleport, spider-form, glowing, very slow
A: almost no armour, stealthy swim, (amphibious), 8 rings, (constrict 8)
a: End Transformation, Bend Time, Temporal Distortion, Slouch, Step From Time,
Renounce Religion


You were on level 1 of the Lair of Beasts.
You worshipped Cheibriados.
Cheibriados was exalted by your worship.
You were not hungry.
You were a venomous arachnid creature.
You visited 2 branches of the dungeon, and saw 10 of its levels.

You collected 429 gold pieces.

Inventory:

Hand Weapons
 D - a +9 club
 Q - the +6 long sword "Netur" (melded) {protect, SInv Stlth+}
   (You found it on level 8 of the Dungeon)

   It protects the one who uses it against injury (+AC on strike).
   It lets you see invisible.
   It makes you more stealthy.
Missiles
 r - 33 poisoned needles (quivered)
 R - 4 bolts
Armour
 e - a +1 shield
Magical Staves
 C - an uncursed staff of conjuration {unknown}
Jewellery
 a - a ring of protection from magic (on tentacle)
 i - a +5 ring of slaying (left front leg)
 q - a ring of poison resistance (right front leg)
 F - a +5 ring of dexterity (on tentacle)
 O - a +2 ring of intelligence (on tentacle)
 T - a ring of protection from magic (on tentacle)
Wands
 v - a wand of polymorph (8/24)
 y - a wand of polymorph (24/24)
 L - a wand of flame (28/48)
 M - a wand of clouds (5/9)
Scrolls
 h - 3 scrolls of enchant weapon
 n - 3 scrolls of amnesia
 p - a scroll of enchant armour
 s - 2 scrolls of teleportation
 u - a scroll of immolation
 G - a scroll of identify
 I - 2 scrolls of remove curse
 J - a scroll of fog {unknown}
 S - a scroll of acquirement {unknown}
Potions
 d - 3 potions of ambrosia {unknown}
 f - 2 potions of lignification {unknown}
 j - a potion of invisibility {unknown}
 l - 2 potions of berserk rage {unknown}
 m - a potion of agility {unknown}
 o - 2 potions of haste {unknown}
 t - 2 potions of might {unknown}
 w - a potion of curing
 x - a potion of magic {unknown}
 z - 2 potions of mutation {unknown}
 E - 7 potions of flight {unknown}
 H - 2 potions of degeneration {unknown}
 N - a potion of resistance {unknown}
Books
 b - a book of Changes

   Spells                             Type                      Level
   a - Beastly Appendage              Transmutation                1
   b - Sticks to Snakes               Transmutation                2
   c - Spider Form                    Transmutation/Poison         3
   d - Ice Form                       Ice/Transmutation            4
   e - Blade Hands                    Transmutation                5
 k - a book of Misfortune

   Spells                             Type                      Level
   a - Confusing Touch                Hexes                        1
   b - Confuse                        Hexes                        3
   c - Gell's Gravitas                Translocation                3
   d - Petrify                        Transmutation/Earth          4
   e - Metabolic Englaciation         Hexes/Ice                    5
   f - Yara's Violent Unravelling     Hexes/Transmutation          5
 K - a book of Minor Magic

   Spells                             Type                      Level
   a - Magic Dart                     Conjuration                  1
   b - Blink                          Translocation                2
   c - Call Imp                       Summoning                    2
   d - Slow                           Hexes                        2
   e - Conjure Flame                  Conjuration/Fire             3
   f - Mephitic Cloud                 Conjuration/Poison/Air       3
 P - Kikubaaqudgha's Handbook of Darkness
   (You found it on level 5 of the Dungeon)

   Spells                             Type                      Level
   a - Animate Skeleton               Necromancy                   1
 V - a Young Poisoner's Handbook

   Spells                             Type                      Level
   a - Sting                          Conjuration/Poison           1
   b - Poisonous Vapours              Poison/Air                   2
   c - Mephitic Cloud                 Conjuration/Poison/Air       3
   d - Olgreb's Toxic Radiance        Poison                       4
   e - Venom Bolt                     Conjuration/Poison           5
Comestibles
 c - 4 bread rations
 g - 17 fruits
 A - 3 meat rations
 B - 2 royal jellies


   Skills:
 + Level 4.5 Fighting
 + Level 5.7 Dodging
 + Level 9.6 Stealth
 + Level 7.5 Unarmed Combat
 + Level 5.3 Spellcasting
 + Level 2.6 Conjurations
 + Level 6.0 Transmutations
 + Level 2.4 Air Magic
 - Level 4.2 Poison Magic
 + Level 5.0 Invocations
 + Level 6.1 Evocations


You had 6 spell levels left.
You knew the following spells:

 Your Spells              Type           Power        Failure   Level  Hunger
a - Beastly Appendage     Tmut           #####.       3%          1    None
b - Sticks to Snakes      Tmut           #####...     4%          2    None
c - Spider Form           Tmut/Pois      #####.....   8%          3    None
d - Mephitic Cloud        Conj/Pois/Air  ####....     13%         3    None
e - Blade Hands           Tmut           #####.....   28%         5    #####..


Dungeon Overview and Level Annotations

Branches:
Dungeon (9/15)             Temple (0/1) D:6            Lair (1/6) D:9
    Orc: D:9-12

Altars:
Ashenzari
Cheibriados
Kikubaaqudgha
Makhleb
Nemelex Xobeh
Okawaru
Qazlal
Sif Muna
Trog
Vehumet
Wu Jian
Xom
Yredelemnul
The Shining One

Annotations:
Lair:1 tarabluh's ghost, journeyman OgFE


Innate Abilities, Weirdness & Mutations

You cannot wear most types of armour.
You are very stealthy in the water. (Stealth+)
((You are amphibious.))
You can wear up to eight rings at the same time.
((You can use your tentacles to constrict eight enemies at once.))
((Your skin changes colour to match your surroundings (Stealth+).))
((Your rubbery body absorbs attacks. (AC +1, EV +1)))


Message History

Your adder barely misses tarabluh's ghost.
The bullfrog completely misses you. The water moccasin barely misses you.
Tarabluh's ghost sprays you with burning goo.
The sticky flame hits you!
You are covered in liquid flames!
* * * LOW HITPOINT WARNING * * *
As you read the scroll of teleportation, it crumbles to dust.
You feel strangely unstable.
You are covered in liquid flames!
* * * LOW HITPOINT WARNING * * *
The bullfrog is no longer moving slowly.
The bullfrog completely misses you.
Your water moccasin closely misses tarabluh's ghost.
Your adder bites tarabluh's ghost but does no damage.
The water moccasin completely misses you.
Tarabluh's ghost says, "Would you like to be cremated?"
Tarabluh's ghost hits you!
* * * LOW HITPOINT WARNING * * *
You are covered in liquid flames!
You die...

#........ #.....P.###.
#.#........#
.######....#.....# ....
...........'.....# .. #...
..........S#.....#... #..#
#........WS.####.#... #..##
#........F........... #..P
#......s.S........... #..#
#..######..##........ ##..#
#..#........#....#PP. ###...#
#...........#....# .. .##...#
#..#.............+..) ......#
#..#........#........
......####..#............?#...
.......##...########.#....'...
..........................##.#


You could see a water moccasin, a bullfrog, tarabluh's ghost, a friendly water
moccasin and a friendly adder.

Vanquished Creatures
  A two-headed ogre (D:8)
  Pikel (D:4)
  Maurice (D:8)
  Prince Ribbit (D:9)
  2 blink frogs (Lair:1)
  2 hippogriffs
  Eustachio (D:5)
  A basilisk (Lair:1)
  Grum (D:8)
  Menkaure (D:4)
  2 hungry ghosts
  2 water moccasins (Lair:1)
  2 hell hounds (D:9)
  Duvessa (D:4)
  4 ice beasts
  2 orc warriors
  2 sky beasts
  2 ogres
  2 wolves (D:8)
  2 centaurs
  A crocodile (Lair:1)
  8 bullfrogs
  Dowan (D:4)
  2 scorpions (D:8)
  8 wights (D:7)
  2 crimson imps
  A quasit (D:9)
  A bullfrog zombie (D:7)
  2 bullfrog skeletons
  9 orc priests
  4 orc wizards
  A jelly (D:5)
  6 hounds
  Jessica (D:3)
  Ijyb (D:3)
  3 iguanas
  6 worker ants
  A killer bee zombie (D:8)
  2 worker ant zombies
  A howler monkey skeleton (D:5)
  Robin (D:4)
  11 gnolls
  20 adders
  3 shadow imps
  An adder zombie (D:9)
  An adder skeleton (D:4)
  3 worms (D:2)
  6 dart slugs
  5 leopard geckos
  29 orcs
  3 giant cockroaches
  18 goblins
  17 hobgoblins
  17 jackals
  7 kobolds
  5 quokkas
  2 ball pythons
  6 bats
  3 frilled lizards
  A jackal skeleton (D:5)
  A jackal zombie (D:9)
  A leopard gecko skeleton (D:4)
  A quokka zombie (D:5)
  7 rats
  A spectral orc (D:5)
264 creatures vanquished.

Vanquished Creatures (collateral kills)
  2 spiny frogs (Lair:1)
  A blink frog (Lair:1)
  A crocodile (Lair:1)
  A bullfrog (Lair:1)
  A scorpion (D:4)
  An orc priest (D:6)
  An orc wizard (D:6)
  A gnoll (D:5)
  A dart slug (D:4)
  4 orcs
  A jackal (D:6)
15 creatures vanquished.

Vanquished Creatures (others)
  A phantom (D:4)
  2 worker ants (D:4)
  An adder skeleton (D:4)
  An orc (D:4)
5 creatures vanquished.

Grand Total: 284 creatures vanquished

Notes
Turn   | Place    | Note
-------+----------+-------------------------------------------
     0 | D:1      | tehllama the Octopode Transmuter began the quest for the Orb.
     0 | D:1      | Reached XP level 1. HP: 13/13 MP: 3/3
    34 | D:1      | Upgraded the game from 0.21-a0-184-g9126a74 to 0.21-a0-185-g3a6ed1e
   193 | D:1      | Reached XP level 2. HP: 18/18 MP: 3/5
   320 | D:1      | Learned a level 2 spell: Sticks to Snakes
   390 | D:1      | Reached XP level 3. HP: 23/23 MP: 4/6
   451 | D:1      | Reached skill level 1 in Stealth
   957 | D:2      | Found a snail-covered altar of Cheibriados.
   977 | D:2      | Reached skill level 2 in Stealth
  1169 | D:2      | Became a worshipper of Cheibriados the Contemplative
  1283 | D:2      | Reached XP level 4. HP: 19/28 MP: 5/7
  1521 | D:2      | Reached skill level 3 in Stealth
  1590 | D:2      | Reached * piety under Cheibriados
  1699 | D:2      | Reached XP level 5. HP: 33/33 MP: 6/8
  1767 | D:2      | Reached skill level 4 in Stealth
  1769 | D:2      | Reached skill level 5 in Unarmed Combat
  2182 | D:3      | Found a glowing golden altar of the Shining One.
  2251 | D:3      | Noticed Ijyb
  2256 | D:3      | Killed Ijyb
  2404 | D:3      | Reached skill level 5 in Stealth
  2404 | D:3      | Reached XP level 6. HP: 37/38 MP: 7/9
  2695 | D:3      | Reached ** piety under Cheibriados
  3021 | D:3      | Noticed Jessica
  3024 | D:3      | Killed Jessica
  3313 | D:4      | Noticed a phantom
  3415 | D:4      | Noticed Duvessa
  3420 | D:4      | Killed Duvessa
  3420 | D:4      | Reached skill level 1 in Evocations
  3420 | D:4      | Reached XP level 7. HP: 37/43 MP: 8/10
  3422 | D:4      | Noticed Dowan
  3434 | D:4      | Killed Dowan
  3613 | D:4      | Noticed Robin
  3646 | D:4      | Reached *** piety under Cheibriados
  3651 | D:4      | Killed Robin
  3652 | D:4      | HP: 2/43 [orc priest/trident (8)]
  3990 | D:4      | Noticed Pikel
  3999 | D:4      | Killed Pikel
  3999 | D:4      | Reached skill level 6 in Stealth
  3999 | D:4      | Reached XP level 8. HP: 8/48 MP: 2/12
  4246 | D:4      | Learned a level 3 spell: Spider Form
  4526 | D:4      | Noticed Menkaure
  4541 | D:4      | Killed Menkaure
  4732 | D:4      | Reached skill level 1 in Poison Magic
  4782 | D:5      | Entered Level 5 of the Dungeon
  4821 | D:5      | Reached skill level 1 in Invocations
  5091 | D:5      | Reached skill level 7 in Stealth
  5094 | D:5      | Reached **** piety under Cheibriados
  5270 | D:5      | Found a deep blue altar of Sif Muna.
  5270 | D:5      | Found an ancient bone altar of Kikubaaqudgha.
  5272 | D:5      | Found a radiant altar of Vehumet.
  5275 | D:5      | Identified Kikubaaqudgha's Handbook of Darkness
  5443 | D:5      | Noticed Eustachio
  5452 | D:5      | Killed Eustachio
  5452 | D:5      | Reached XP level 9. HP: 54/54 MP: 11/14
  5501 | D:5      | Found a basalt altar of Yredelemnul.
  5666 | D:5      | Got a crude falchion
  6029 | D:6      | Found a staircase to the Ecumenical Temple.
  6431 | D:6      | Identified the +10 falchion of Optimality {chaos, Dex+4} (You found it on level 5 of the Dungeon)
  6441 | D:6      | Found a shattered altar of Ashenzari.
  6531 | D:6      | Reached ***** piety under Cheibriados
  6545 | D:6      | Found a shimmering altar of Xom.
  6546 | D:6      | Found a shimmering altar of Xom.
  6551 | D:6      | Found a shimmering altar of Xom.
  6551 | D:6      | Found a shimmering altar of Xom.
  6551 | D:6      | Found a shimmering altar of Xom.
  6570 | D:6      | Found a shimmering altar of Xom.
  6570 | D:6      | Found a shimmering altar of Xom.
  7740 | D:7      | Reached skill level 8 in Stealth
  7790 | D:7      | Found a burning altar of Makhleb.
  7791 | D:7      | Found a sparkling altar of Nemelex Xobeh.
  7798 | D:7      | Reached skill level 5 in Transmutations
  7804 | D:7      | Reached XP level 10. HP: 17/63 MP: 14/16
  8528 | D:8      | Noticed Maurice
  8735 | D:8      | Killed Maurice
  8773 | D:8      | Learned a level 3 spell: Mephitic Cloud
  8789 | D:8      | Reached skill level 5 in Dodging
  8802 | D:8      | Got a bloodstained long sword
  8874 | D:8      | Reached skill level 5 in Evocations
  8922 | D:8      | Identified the +6 long sword "Netur" {protect, SInv Stlth+} (You found it on level 8 of the Dungeon)
  8949 | D:8      | Noticed Grum
  8950 | D:8      | Found an ornate altar of the Wu Jian Council.
  8967 | D:8      | Killed Grum
  9569 | D:8      | Reached ****** piety under Cheibriados
  9625 | D:8      | Noticed a two-headed ogre
  9640 | D:8      | Killed a two-headed ogre
  9640 | D:8      | Reached skill level 1 in Conjurations
  9640 | D:8      | Reached skill level 1 in Air Magic
  9828 | D:9      | Reached skill level 9 in Stealth
  9889 | D:9      | Found a staircase to the Lair.
  9918 | D:9      | Found a stormy altar of Qazlal.
  9926 | D:9      | Reached skill level 5 in Spellcasting
 10065 | D:9      | Found an iron altar of Okawaru.
 10234 | D:9      | Noticed Prince Ribbit
 10241 | D:9      | Killed Prince Ribbit
 10328 | D:9      | Found a bloodstained altar of Trog.
 10989 | Lair:1   | Entered Level 1 of the Lair of Beasts
 11015 | Lair:1   | Reached XP level 11. HP: 69/69 MP: 16/18
 11095 | Lair:1   | Learned a level 5 spell: Blade Hands
 11115 | Lair:1   | Reached skill level 5 in Invocations
 11477 | Lair:1   | Noticed tarabluh's ghost (journeyman OgFE)
 11498 | Lair:1   | Incinerated by tarabluh's ghost

Vault maps used:
D:1:      dpeg_arrival_shelter, minmay_pentomino_s2
D:2:      minmay_door_path, kennysheep_slug_shrine, minmay_tall_x
D:3:      overflow_temple_1_default, first_bread, uniq_ijyb, uniq_jessica
D:4:      kennysheep_spiral_hall, uniq_menkaure, uniq_duvessa, uniq_pikel,
          uniq_robin
D:5:      grunt_temple_overflow_magic_moments,
          yredelemnul_forgotten_temple_becter, minmay_small_thing,
          uniq_eustachio
D:6:      nicolae_xom_altar_mimics, minmay_temple_entry_junction,
          evilmike_ruin_ashenzari
D:7:      gammafunk_temple_overflow_statue, enter_bailey_8
D:8:      wad_crossroads, lemuel_round_altar, uniq_grum, uniq_maurice
D:9:      lightli_temple_of_fire, okawaru_altar_gauntlet_db,
          nicolae_qazlal_style_of_elements, minmay_lair_entry_lava,
          uniq_prince_ribbit1
Lair:1:   basic_altar, beast_lair_carwin_10, grunt_megastairs_4,
          lemuel_fruit_tree

Skill      XL: |  1  2  3  4  5  6  7  8  9 10 11 |
---------------+----------------------------------+-----
Unarmed Combat | 4 5 6 7 |  7.5
Stealth        | 2 3 5 6 7 8 9 |  9.6
Evocations     | 1 3 4 5 6 |  6.1
Dodging        | 3 4 5 |  5.7
Spellcasting   | 3 4 5 |  5.3
Transmutations | 3 4 5 6 |  6.0
Poison Magic   | 2 3 4 |  4.2
Invocations    | 2 3 4 5 |  5.0
Fighting       | 2 3 4 |  4.5
Conjurations   | 2 |  2.6
Air Magic      | 2 |  2.4

Action                   |  1- 3 |  4- 6 |  7- 9 | 10-12 || total
-------------------------+-------+-------+-------+-------++-------
Melee: Unarmed           |    49 |    53 |   123 |   172 ||   397
       Constrict         |    11 |    30 |    31 |     7 ||    79
       Kick              |     6 |    16 |    12 |     1 ||    35
       Tentacles         |     3 |    16 |    25 |     7 ||    51
       Club              |       |    36 |    78 |     6 ||   120
       Punch             |       |     1 |     2 |       ||     3
       Long sword        |       |       |       |     5 ||     5
 Cast: Beastly Appendage |    14 |    21 |     5 |     2 ||    42
       Sticks to Snakes  |       |       |    49 |    23 ||    72
       Spider Form       |       |       |    19 |    38 ||    57
Invok: Bend Time         |       |       |     1 |     1 ||     2
  Use: Scroll            |       |     4 |    10 |     2 ||    16
       Potion            |       |       |     6 |     4 ||    10
 Stab: Sleeping          |     4 |    14 |     5 |     9 ||    32
       Distracted        |       |       |     2 |     2 ||     4
  Eat: Chunk             |     1 |     4 |     9 |     7 ||    21
Armor: Skin              |       |     8 |    12 |     3 ||    23
Dodge: Dodged            |    28 |    59 |   231 |   280 ||   598
       Rpst.: Long sword |       |       |       |     3 ||     3
